 Dungeon Crawl Stone Soup version 0.25-a0-44-g29a1220a87 (webtiles) character file.

Game seed: 13936875818809904940, levelgen mode: deterministic

9223 inmateoo the Carver (level 11, -15/86 (87) HPs)
             Began as a Barachi Fighter on Oct 23, 2019.
             Was a High Priest of Cheibriados.
             Killed from afar by a hell knight (34 damage)
             ... with a bolt of fire
             ... on level 10 of the Dungeon.
             The game lasted 00:11:44 (8962 turns).

inmateoo the Carver (Barachi Fighter)               Turns: 8962, Time: 00:11:44

HP:   -15/86 (87)   AC: 16    Str: 32    XL:     11   Next: 43%
MP:   11/11         EV: 13    Int: 19    God:    Cheibriados [*****.]
Gold: 597           SH: 13    Dex: 23    Spells: 10/10 levels left

rFire    . . .     SeeInvis .   d - +1 long sword (holy)
rCold    + + .     Gourm    .   c - +0 shield
rNeg     . . .     Faith    .   k - +1 chain mail
rPois    .         Spirit   .   g - +2 hat
rElec    .         Reflect  .   t - +0 cloak
rCorr    .         Harm     .   (no gloves)
MR       .....                  s - +0 pair of boots
Stlth    ..........             (no amulet)
HPRegen  0.24/turn              v - ring of protection from cold
MPRegen  0.12/turn              n - ring of protection from cold

@: can't hop, very slightly contaminated, invisible, very slow
A: +LOS, swims, slowness 1, strong legs 1
a: Hop, Bend Time, Temporal Distortion, Slouch, Step From Time, Renounce
Religion


You were on level 10 of the Dungeon.
You worshipped Cheibriados.
Cheibriados was extremely pleased with you.
You were not hungry.

You visited 2 branches of the dungeon, and saw 11 of its levels.

You collected 597 gold pieces.

Inventory:

Hand Weapons
 a - a +1 long sword of freezing
 d - a +1 long sword of holy wrath (weapon)
Missiles
 i - 13 boomerangs (quivered)
Armour
 c - a +0 shield (worn)
 g - a +2 hat (worn)
 k - a +1 chain mail (worn)
 s - a +0 pair of boots (worn)
 t - a +0 cloak (worn)
Jewellery
 n - a ring of protection from cold (right hand)
 u - an uncursed ring of magical power
 v - a ring of protection from cold (left hand)
 y - an uncursed ring of ice {unknown}
Wands
 b - a wand of disintegration (16)
Scrolls
 e - 2 scrolls of teleportation
 q - a scroll of magic mapping
 w - 2 scrolls of amnesia
 x - a scroll of remove curse
 z - 2 scrolls of enchant armour
Potions
 h - a potion of berserk rage {unknown}
 j - 2 potions of brilliance
 l - a potion of cancellation
 m - a potion of heal wounds
 p - 2 potions of flight
 r - 2 potions of ambrosia
 E - a potion of mutation
Miscellaneous
 B - a phantom mirror
Comestibles
 f - 23 rations


   Skills:
 + Level 8.4 Fighting
 * Level 11.0 Long Blades
 * Level 8.6 Throwing
 + Level 8.4 Armour
 + Level 6.3 Dodging
 + Level 7.6 Shields


You had 10 spell levels left.
You didn't know any spells.
Your spell library contained the following spells:

 Spells                   Type           Power        Failure   Level  Hunger
 Beastly Appendage        Tmut           #.....       90%         1    ##.....
 Sandblast                Erth           #.....       90%         1    ##.....
 Passwall                 Tmut/Erth      #.......     97%         2    ###....
 Sticks to Snakes         Tmut           #.......     97%         2    ###....
 Spider Form              Tmut/Pois      #.........   99%         3    ####...
 Stone Arrow              Conj/Erth      #.....       99%         3    ####...
 Ice Form                 Ice/Tmut       #.......     100%        4    #####..
 Petrify                  Tmut/Erth      #.......     100%        4    #####..
 Blade Hands              Tmut           #.........   100%        5    ######.
 Lee's Rapid Deconstruct  Erth           #.........   100%        5    ######.


Dungeon Overview and Level Annotations

Branches:
Dungeon (10/15)            Temple (1/1) D:5            Lair (0/6) D:9
    Orc (0/2) D:9

Altars:
Ashenzari
Cheibriados
Fedhas
Hepliaklqana
Kikubaaqudgha
Qazlal
Sif Muna
Trog
Vehumet
Wu Jian
Yredelemnul
Zin
The Shining One


Innate Abilities, Weirdness & Mutations

Shadows flee at your approach. (+LOS)
You can swim through water.
You cover ground slowly.
You can hop short distances.


Message History

You throw a boomerang.
The boomerang closely misses the hell knight.
The hell knight completely misses you.
Unknown command.
Throwing (i - inventory)
i - 13 boomerangs (quivered)
Press: ? - help, Shift-Dir - straight line, f/p - hell knight
Aim: a hell knight, wielding a +0 glaive of flaming and wearing a +0 chain mail (almost dead)
You throw a boomerang.
The boomerang hits the hell knight but does no damage.
The hell knight is almost dead.
Unknown command.
Throwing (i - inventory)
i - 13 boomerangs (quivered)
Press: ? - help, Shift-Dir - straight line, f/p - hell knight
Aim: a hell knight, wielding a +0 glaive of flaming and wearing a +0 chain mail (almost dead)
You throw a boomerang.
The boomerang hits the hell knight but does no damage.
The hell knight is almost dead.
The hell knight casts a spell at you. The bolt of fire hits you!!
You die...

#..# #...# ######.####
###'### #.........#
#...... #.........#
#...... ####
#.....)...#####......
....
#.....)<..##..'......
####
...............##......
#############..##......
#..p..@.....#.########+
#.#########.#.# #.. #.#
..#.#.# ###.# #.#
#.#.#.# #...# #.#
#.≈.#.#####.### #<#
#.≈.#.)#....# #.#
#†≈.#..#'###### #.#
#.#.#.........# #.# .p
#.#.#.......#


You could see a hell knight.

Vanquished Creatures
  Josephine (D:10)
  2 two-headed ogres (D:9)
  A hippogriff (D:9)
  3 wraiths (D:10)
  A wyvern (D:9)
  A vampire (D:10)
  A human (D:7)
  4 yaks
  3 hogs (D:7)
  6 hell hounds (D:10)
  2 orc warriors
  2 ice beasts
  4 sky beasts
  An eye of draining (D:9)
  6 ogres
  2 necrophages (D:9)
  6 centaurs
  A crocodile (D:10)
  3 big kobolds
  6 bullfrogs
  3 scorpions
  2 jellies
  4 howler monkeys
  A bullfrog zombie (D:8)
  4 crimson imps
  A quasit (D:8)
  Crazy Yiuf (D:7)
  2 centaur skeletons
  4 hounds
  3 orc priests
  A bullfrog skeleton (D:6)
  5 iguanas
  12 orc wizards
  9 worker ants
  A hound zombie (D:8)
  7 gnolls
  7 adders
  3 shadow imps
  An ooze (D:2)
  2 adder skeletons (D:4)
  2 adder zombies
  2 worms (D:2)
  A dart slug (D:1)
  A leopard gecko (D:10)
  36 orcs
  4 giant cockroaches
  6 goblins
  9 hobgoblins
  13 jackals
  19 kobolds
  3 quokkas
  A ball python skeleton (D:4)
  6 bats
  10 frilled lizards
  A jackal skeleton (D:5)
  2 rats
  A spectral orc (D:3)
246 creatures vanquished.

Notes
Turn   | Place    | Note
-------+----------+-------------------------------------------
     0 | D:1      | inmateoo the Barachi Fighter began the quest for the Orb.
     0 | D:1      | Reached XP level 1. HP: 18/18 MP: 1/1
   260 | D:1      | Reached XP level 2. HP: 25/25 MP: 2/2
   432 | D:1      | Reached skill level 3 in Long Blades
   775 | D:2      | Reached XP level 3. HP: 30/30 MP: 3/3
  1074 | D:2      | Reached XP level 4. HP: 25/37 MP: 4/4
  1383 | D:2      | Found a radiant altar of Vehumet.
  1384 | D:2      | Found a glowing golden altar of the Shining One.
  1394 | D:2      | Found a bloodstained altar of Trog.
  1394 | D:2      | Found a shimmering blue altar of Sif Muna.
  1536 | D:3      | Reached skill level 4 in Long Blades
  1796 | D:3      | Reached XP level 5. HP: 41/43 MP: 5/5
  1829 | D:3      | Found a basalt altar of Yredelemnul.
  1918 | D:3      | HP: 2/43 [orc wizard/magic dart (7)]
  1923 | D:3      | Reached skill level 1 in Throwing
  1939 | D:3      | Reached skill level 1 in Dodging
  2820 | D:3      | Reached XP level 6. HP: 28/49 MP: 6/6
  3202 | D:4      | Found a stormy altar of Qazlal.
  3205 | D:4      | Found a blossoming altar of Fedhas.
  3238 | D:4      | Reached skill level 5 in Long Blades
  3678 | D:4      | Reached XP level 7. HP: 34/55 MP: 7/7
  3689 | D:4      | Reached skill level 5 in Fighting
  4027 | D:5      | Entered Level 5 of the Dungeon
  4074 | D:5      | Reached skill level 5 in Armour
  4080 | D:5      | Found a shimmering blue altar of Sif Muna.
  4523 | D:5      | Found a staircase to the Ecumenical Temple.
  4534 | D:5      | Reached skill level 6 in Long Blades
  4547 | Temple   | Entered the Ecumenical Temple
  4563 | Temple   | Became a worshipper of Cheibriados the Contemplative
  4669 | D:5      | Reached XP level 8. HP: 59/63 MP: 8/8
  5114 | D:6      | Reached skill level 5 in Shields
  5598 | D:6      | Reached * piety under Cheibriados
  5731 | D:7      | Reached skill level 7 in Long Blades
  5770 | D:7      | Reached skill level 5 in Throwing
  5770 | D:7      | Reached XP level 9. HP: 57/69 MP: 9/9
  5814 | D:7      | Found a hazy altar of Hepliaklqana.
  5890 | D:7      | Reached ** piety under Cheibriados
  6010 | D:7      | Reached skill level 8 in Long Blades
  6233 | D:7      | Found a runed translucent door.
  6234 | D:7      | Noticed Crazy Yiuf
  6309 | D:7      | Killed Crazy Yiuf
  6831 | D:8      | Reached XP level 10. HP: 75/79 MP: 10/10
  7149 | D:9      | Found a glowing silver altar of Zin.
  7159 | D:9      | Reached skill level 9 in Long Blades
  7159 | D:9      | Reached skill level 5 in Dodging
  7187 | D:9      | Reached *** piety under Cheibriados
  7318 | D:9      | Noticed a two-headed ogre
  7332 | D:9      | Killed a two-headed ogre
  7337 | D:9      | Noticed a two-headed ogre
  7345 | D:9      | Killed a two-headed ogre
  7396 | D:9      | Reached skill level 10 in Long Blades
  7950 | D:9      | Found a staircase to the Orcish Mines.
  8064 | D:9      | Found a staircase to the Lair.
  8158 | D:10     | Entered Level 10 of the Dungeon
  8184 | D:10     | Reached **** piety under Cheibriados
  8202 | D:10     | Reached XP level 11. HP: 84/85 MP: 11/11
  8545 | D:10     | Noticed Josephine
  8555 | D:10     | Killed Josephine
  8746 | D:10     | Reached ***** piety under Cheibriados
  8792 | D:10     | Reached skill level 11 in Long Blades
  8793 | D:10     | Noticed a hell knight
  8793 | D:10     | Noticed a hell knight
  8947 | D:10     | Noticed a hell knight
  8962 | D:10     | Killed from afar by a hell knight

Levels and vault maps discovered:
D:1:      dpeg_arrival_court, layout_basic
D:2:      layout_rooms, grunt_temple_overflow_open
D:3:      wander_river, layout_loops_ring, yredelemnul_forgotten_temple_becter,
          first_ration
D:4:      layout_basic, grunt_temple_overflow_forces_of_nature
D:5:      layout_rooms, minmay_temple_entry_drinking_statues, basic_altar
D:6:      layout_basic
D:7:      layout_rooms, kennysheep_little_box, grunt_livestock,
          uniq_crazy_yiuf_cottage
D:8:      layout_basic
D:9:      layout_basic, lair_entry_dummy, orc_0_dummy, basic_altar
D:10:     layout_roguey, minmay_rotating_lava, uniq_josephine
Temple:   jpeg_temple_clearing

Skill      XL: |  1  2  3  4  5  6  7  8  9 10 11 |
---------------+----------------------------------+-----
Long Blades    | 3 4 5 6 7 8 10 11 | 11.0
Fighting       | 4 5 6 7 8 |  8.4
Armour         | 4 5 6 7 8 |  8.4
Throwing       | 1 2 3 5 6 8 |  8.6
Shields        | 4 5 6 7 |  7.6
Dodging        | 1 2 3 4 5 6 |  6.3

Action                   |  1- 3 |  4- 6 |  7- 9 | 10-12 || total
-------------------------+-------+-------+-------+-------++-------
Melee: Long sword        |   104 |   249 |   369 |   291 ||  1013
       Unarmed           |       |    19 |    31 |     3 ||    53
Throw: Boomerang         |       |     9 |    29 |    23 ||    61
 Abil: Hop               |     1 |     2 |     1 |     8 ||    12
Evoke: Wand              |       |       |       |     5 ||     5
  Use: Scroll            |       |     5 |     8 |     7 ||    20
       Potion            |       |     3 |     1 |     4 ||     8
 Stab: Invisible         |       |       |       |     2 ||     2
  Eat: Chunk             |     1 |     9 |    11 |     4 ||    25
Armor: Scale mail        |    69 |   142 |    38 |       ||   249
       Skin              |       |    12 |    14 |     1 ||    27
       Chain mail        |       |       |   111 |   101 ||   212
Dodge: Dodged            |    42 |    84 |   122 |   110 ||   358
Block: Shield            |    64 |   149 |   213 |   166 ||   592
       Rpst.: Long sword |    10 |    23 |    45 |    33 ||   111

Table legend:
 A = Non-vault XP
 B = Vault XP
 C = Vault XP percentage of total XP
 D = Non-vault monster count
 E = Vault monster count
 F = Vault count percentage of total count
                 A         B        C        D         E       F
            +---------+---------+-------+---------+---------+-------
      Total |    9580 |    3597 |  27.3 |     229 |      17 |   6.9
            +---------+---------+-------+---------+---------+-------
        D:1 |      24 |       0 |   0.0 |      13 |       0 |   0.0
        D:2 |      94 |       0 |   0.0 |      31 |       0 |   0.0
        D:3 |     238 |       1 |   0.4 |      22 |       1 |   4.3
        D:4 |     381 |       0 |   0.0 |      31 |       0 |   0.0
        D:5 |     469 |       0 |   0.0 |      13 |       0 |   0.0
        D:6 |     653 |       0 |   0.0 |      13 |       0 |   0.0
        D:7 |    1295 |    1016 |  44.0 |      36 |       6 |  14.3
        D:8 |     616 |       0 |   0.0 |      11 |       0 |   0.0
        D:9 |    4311 |       0 |   0.0 |      25 |       0 |   0.0
       D:10 |    1499 |    2580 |  63.3 |      34 |      10 |  22.7
            +---------+---------+-------+---------+---------+-------
